TOP OF THE 1ST |
Asheville Tourists batting - Pitching for Philadelphia (WIN) Phillies : RHP Andrew Giles
|
Pitching: RHP Andrew Giles
|
|
Batting: LHB Nick Martin
|
0-0: Foul Ball, location: 5F 0-1: Swinging Strike 0-2: Ball 1-2: Foul Ball, location: 2F 1-2: Ball 2-2: Ball 3-2: Foul Ball, location: 5F 3-2: Foul Ball, location: 23FF 3-2: Fly out, F9 (Flyball, 89M, EV 95.6 MPH)
|
Batting: RHB Zakhar Edelman
|
0-0: Called Strike 0-1: Called Strike 0-2: Ball 1-2: Ground out 5-3 (Groundball, 56, EV 101.9 MPH)
|
Batting: RHB Wali Mulogo
|
0-0: Ground out 5-3 (Groundball, 56, EV 88.8 MPH)
|
Top of the 1st over - 0 runs, 0 hits, 0 errors, 0 left on base; Asheville 0 - Philadelphia (WIN) 0 |
BOTTOM OF THE 1ST |
Philadelphia (WIN) Phillies batting - Pitching for Asheville Tourists : RHP D.J. Pedroza
|
Pitching: RHP D.J. Pedroza
|
|
Batting: RHB Mark Schultz
|
0-0: Ball 1-0: Swinging Strike 1-1: Foul Ball, location: 2F 1-2: Ground out 5-3 (Groundball, 56S, EV 83.1 MPH)
|
Batting: RHB Chris Myers
|
0-0: SINGLE (Groundball, 13S, EV 68.8 MPH) (infield hit)
|
Batting: LHB Danny Hill
|
0-0: Ball 1-0: Ball Wild Pitch! Chris Myers to second 2-0: Ground out 4-3 (Groundball, 34D, EV 110.0 MPH) Chris Myers to third
|
Batting: LHB Jose Carlos
|
0-0: Ball 1-0: Foul Ball, location: 25F 1-1: Ball 2-1: Foul Ball, location: 3F 2-2: Ball 3-2: Foul Ball, location: 2F 3-2: Foul Ball, location: 2LF 3-2: Base on Balls
|
Batting: RHB Mike Bell
|
Pickoff Throw to First - Out! 1-3
|
Bottom of the 1st over - 0 runs, 1 hit, 0 errors, 1 left on base; Asheville 0 - Philadelphia (WIN) 0 |
TOP OF THE 2ND |
Asheville Tourists batting - Pitching for Philadelphia (WIN) Phillies : RHP Andrew Giles
|
Batting: LHB Paul McClintock
|
0-0: Foul Ball, location: 2F 0-1: Ball 1-1: Ball 2-1: Ground out 5-3 (Groundball, 5, EV 91.3 MPH)
|
Batting: RHB John Stevenson
|
0-0: Called Strike 0-1: Ball 1-1: Fly out, F7 (Line Drive, 78M, EV 85.6 MPH)
|
Batting: SHB Craig Ruzic
|
0-0: Ball 1-0: Called Strike 1-1: Foul Ball, location: 9LMFF 1-2: TRIPLE (Flyball, 9LD, EV 93.1 MPH)
|
Batting: LHB Harry Folsom
|
0-0: Foul Ball, location: 2F 0-1: Swinging Strike 0-2: Ball 1-2: Strikes out swinging
|
Top of the 2nd over - 0 runs, 1 hit, 0 errors, 1 left on base; Asheville 0 - Philadelphia (WIN) 0 |
BOTTOM OF THE 2ND |
Philadelphia (WIN) Phillies batting - Pitching for Asheville Tourists : RHP D.J. Pedroza
|
Batting: RHB Mike Bell
|
0-0: Ball 1-0: Ball 2-0: Ball 3-0: Called Strike 3-1: Base on Balls
|
Batting: LHB Chris Moody
|
0-0: Ball 1-0: Called Strike 1-1: Foul Ball, location: 9LMF 1-2: Foul Ball, location: 3FF 1-2: Ball 2-2: Ball 3-2: 2-RUN HOME RUN (Flyball, 78XD, EV 102.5 MPH), Distance : 407 ft
|
Batting: RHB Victor Arroyo
|
0-0: Ball 1-0: Foul Ball, location: 2F 1-1: Ball 2-1: Foul Ball, location: 2F 2-2: Foul Ball, location: 2F 2-2: Fly out, F8 (Flyball, 8RXD, EV 98.8 MPH)
|
Batting: RHB Jake Cox
|
0-0: Ball 1-0: Ball 2-0: Called Strike 2-1: Called Strike 2-2: Foul Ball, location: 2F 2-2: Foul Ball, location: 7LDF 2-2: Foul Ball, location: 2F 2-2: Fly out, F8 (Line Drive, 8RD, EV 105.6 MPH)
|
Batting: SHB Marco de Leon
|
0-0: Foul Ball, location: 7LDF 0-1: Ball 1-1: Ball 2-1: Swinging Strike 2-2: Ball 3-2: Ground out 3-1 (Groundball, 34, EV 91.3 MPH)
|
Bottom of the 2nd over - 2 runs, 1 hit, 0 errors, 0 left on base; Asheville 0 - Philadelphia (WIN) 2 |
TOP OF THE 3RD |
Asheville Tourists batting - Pitching for Philadelphia (WIN) Phillies : RHP Andrew Giles
|
Batting: SHB Brad Madden
|
0-0: Ball 1-0: SINGLE (Line Drive, 89M, EV 103.1 MPH)
|
Batting: RHB Manny Thompson
|
0-0: Swinging Strike 0-1: Called Strike 0-2: Strikes out swinging
|
Batting: LHB Nick Martin
|
0-0: Ball 1-0: Ball 2-0: Foul Ball, location: 7LDF 2-1: Foul Ball, location: 7LDF 2-2: Strikes out looking
|
Batting: RHB Zakhar Edelman
|
0-0: Ball 1-0: Called Strike 1-1: Ball 2-1: Ground out 5-3 (Groundball, 5L, EV 90.0 MPH)
|
Top of the 3rd over - 0 runs, 1 hit, 0 errors, 1 left on base; Asheville 0 - Philadelphia (WIN) 2 |
BOTTOM OF THE 3RD |
Philadelphia (WIN) Phillies batting - Pitching for Asheville Tourists : RHP D.J. Pedroza
|
Batting: RHB Mark Schultz
|
0-0: Ball 1-0: Ball 2-0: Called Strike 2-1: Ball 3-1: Base on Balls
|
Batting: RHB Chris Myers
|
0-0: Ball 1-0: Called Strike 1-1: Ball 2-1: Ball 3-1: DOUBLE (Line Drive, 7LM, EV 93.8 MPH) Mark Schultz to third
|
Batting: LHB Danny Hill
|
0-0: Ball 1-0: Ball 2-0: Ball 3-0: Foul Ball, location: 2F 3-1: Called Strike 3-2: Foul Ball, location: 3F 3-2: SINGLE (Groundball, 4MD, EV 106.3 MPH) Mark Schultz scores Chris Myers to third Runner from 3rd tries for Home, SAFE, throw by CF to home
|
Batting: LHB Jose Carlos
|
0-0: Called Strike 0-1: Ball 1-1: Ball 2-1: SINGLE (Groundball, 4MD, EV 95.6 MPH) Danny Hill to second
|
Batting: RHB Mike Bell
|
0-0: Ball 1-0: Called Strike 1-1: Swinging Strike 1-2: Ball Wild Pitch! Danny Hill to third Jose Carlos to second 2-2: Foul Ball, location: 9LDF 2-2: Ground out 6-3 (Groundball, 4MS, EV 79.4 MPH)
|
Pitching: LHP Jared Lummus
|
|
Batting: LHB Chris Moody
|
0-0: Called Strike 0-1: Ball 1-1: Ball 2-1: Called Strike 2-2: Ball 3-2: Strikes out looking
|
Batting: RHB Victor Arroyo
|
0-0: Called Strike 0-1: Foul Ball, location: 2F 0-2: Strikes out swinging
|
Bottom of the 3rd over - 2 runs, 3 hits, 0 errors, 2 left on base; Asheville 0 - Philadelphia (WIN) 4 |
TOP OF THE 4TH |
Asheville Tourists batting - Pitching for Philadelphia (WIN) Phillies : RHP Andrew Giles
|
Batting: RHB Wali Mulogo
|
0-0: Called Strike 0-1: Ball 1-1: Foul Ball, location: 9LSF 1-2: Strikes out swinging
|
Batting: LHB Paul McClintock
|
0-0: Called Strike 0-1: Ball 1-1: Ball 2-1: Ball 3-1: Swinging Strike 3-2: Foul Ball, location: 2LF 3-2: Strikes out swinging, 2-3 out at first.
|
Batting: RHB John Stevenson
|
0-0: Foul Ball, location: 3DF 0-1: SINGLE (Groundball, 4MD, EV 102.5 MPH)
|
Batting: SHB Craig Ruzic
|
0-0: Ball 1-0: Called Strike 1-1: Foul Ball, location: 2F 1-2: Strikes out swinging
|
Top of the 4th over - 0 runs, 1 hit, 0 errors, 1 left on base; Asheville 0 - Philadelphia (WIN) 4 |
BOTTOM OF THE 4TH |
Philadelphia (WIN) Phillies batting - Pitching for Asheville Tourists : LHP Jared Lummus
|
Batting: RHB Jake Cox
|
0-0: Ground out 5-3 (Groundball, 56, EV 110.0 MPH)
|
Batting: SHB Marco de Leon
|
0-0: Called Strike 0-1: Swinging Strike 0-2: Ball 1-2: Ball 2-2: Strikes out swinging
|
Batting: RHB Mark Schultz
|
0-0: Ball 1-0: Called Strike 1-1: Foul Ball, location: 5SF 1-2: Ball 2-2: DOUBLE (Groundball, 5L, EV 100.0 MPH)
|
Batting: RHB Chris Myers
|
0-0: SINGLE (Groundball, 2R, EV 68.1 MPH) (infield hit) Mark Schultz to third
|
Batting: LHB Danny Hill
|
0-0: Foul Ball, location: 7LMF 0-1: SINGLE (Flyball, 6D, EV 93.1 MPH) Mark Schultz scores Chris Myers to second
|
Batting: LHB Jose Carlos
|
0-0: Foul Ball, location: 23FF 0-1: Ball 1-1: Foul Ball, location: 23FF 1-2: Ball 2-2: Ball 3-2: Strikes out swinging
|
Bottom of the 4th over - 1 run, 3 hits, 0 errors, 2 left on base; Asheville 0 - Philadelphia (WIN) 5 |
TOP OF THE 5TH |
Asheville Tourists batting - Pitching for Philadelphia (WIN) Phillies : RHP Andrew Giles
|
Batting: LHB Harry Folsom
|
0-0: Ball 1-0: Ball 2-0: Ball 3-0: Base on Balls
|
Batting: SHB Brad Madden
|
0-0: Swinging Strike 0-1: Foul Ball, location: 2F 0-2: Foul Ball, location: 9LSF 0-2: Ball 1-2: Ball Wild Pitch! Harry Folsom to second 2-2: Ball 3-2: Fly out, F6 (Popup, 6MS, EV 63.8 MPH)
|
Pitching: RHP Seizaburo Takahashi
|
|
Batting: RHB Manny Thompson
|
0-0: Called Strike 0-1: Foul Ball, location: 7LSF 0-2: Strikes out swinging, 2-3 out at first.
|
Batting: LHB Nick Martin
|
0-0: Ball 1-0: Foul Ball, location: 2F 1-1: Fly out, F8 (Line Drive, 8RM, EV 98.8 MPH)
|
Top of the 5th over - 0 runs, 0 hits, 0 errors, 1 left on base; Asheville 0 - Philadelphia (WIN) 5 |
BOTTOM OF THE 5TH |
Philadelphia (WIN) Phillies batting - Pitching for Asheville Tourists : LHP Jared Lummus
|
Batting: RHB Mike Bell
|
0-0: Called Strike 0-1: Fly out, F1 (Line Drive, P, EV 65.6 MPH)
|
Batting: LHB Chris Moody
|
0-0: Ball 1-0: Foul Ball, location: 5FF 1-1: SINGLE (Line Drive, 78M, EV 110.0 MPH)
|
Batting: RHB Victor Arroyo
|
0-0: Ball 1-0: Ball 2-0: Foul Ball, location: 9LDF 2-1: Foul Ball, location: 2F 2-2: Ball 3-2: Foul Ball, location: 2F 3-2: Strikes out swinging
|
Batting: RHB Jake Cox
|
0-0: Fly out, F7 (Line Drive, 78M, EV 87.5 MPH)
|
Bottom of the 5th over - 0 runs, 1 hit, 0 errors, 1 left on base; Asheville 0 - Philadelphia (WIN) 5 |
TOP OF THE 6TH |
Asheville Tourists batting - Pitching for Philadelphia (WIN) Phillies : RHP Seizaburo Takahashi
|
Batting: RHB Zakhar Edelman
|
0-0: Ball 1-0: SOLO HOME RUN (Flyball, 7D, EV 98.8 MPH), Distance : 380 ft
|
Batting: RHB Wali Mulogo
|
0-0: Called Strike 0-1: Foul Ball, location: 2F 0-2: Foul Ball, location: 25F 0-2: Ball 1-2: Ball 2-2: Foul Ball, location: 3F 2-2: Strikes out swinging, 2-3 out at first.
|
Batting: LHB Paul McClintock
|
0-0: Foul Ball, location: 2F 0-1: Ball 1-1: Foul Ball, location: 25F 1-2: Ball 2-2: SINGLE (Groundball, 6MD, EV 96.3 MPH)
|
Pitching: RHP T.J. Gray
|
|
Batting: RHB John Stevenson
|
0-0: Ball 1-0: DOUBLE (Line Drive, 8LXD, EV 105.0 MPH) Paul McClintock to third
|
Batting: SHB Craig Ruzic
|
0-0: Called Strike 0-1: Swinging Strike 0-2: Ball 1-2: Foul Ball, location: 2F 1-2: Ball 2-2: Fly out, F9 (Line Drive, 9, EV 85.6 MPH) Runner from 3rd tags up, OUT at HOME! 9-2
|
Top of the 6th over - 1 run, 3 hits, 0 errors, 1 left on base; Asheville 1 - Philadelphia (WIN) 5 |
BOTTOM OF THE 6TH |
Philadelphia (WIN) Phillies batting - Pitching for Asheville Tourists : LHP Jared Lummus
|
Batting: SHB Marco de Leon
|
0-0: Swinging Strike 0-1: Called Strike 0-2: Ball 1-2: Foul Ball, location: 9LMF 1-2: Ball 2-2: Fly out, F4 (Popup, 34S, EV 73.8 MPH)
|
Batting: RHB Mark Schultz
|
0-0: Foul Ball, location: 9LSF 0-1: Ball 1-1: Ground out 4-3 (Groundball, 4, EV 86.3 MPH)
|
Batting: RHB Chris Myers
|
0-0: Fly out, F8 (Flyball, 89M, EV 92.5 MPH)
|
Bottom of the 6th over - 0 runs, 0 hits, 0 errors, 0 left on base; Asheville 1 - Philadelphia (WIN) 5 |
TOP OF THE 7TH |
Asheville Tourists batting - Pitching for Philadelphia (WIN) Phillies : RHP T.J. Gray
|
Batting: LHB Harry Folsom
|
0-0: Foul Ball, location: 25F 0-1: Foul Ball, location: 2F 0-2: Strikes out swinging
|
Batting: SHB Brad Madden
|
0-0: Ball 1-0: Swinging Strike 1-1: Foul Ball, location: 7LMF 1-2: Ball 2-2: Strikes out looking
|
Batting: RHB Manny Thompson
|
0-0: Called Strike 0-1: Ball 1-1: Called Strike 1-2: Strikes out looking
|
Top of the 7th over - 0 runs, 0 hits, 0 errors, 0 left on base; Asheville 1 - Philadelphia (WIN) 5 |
BOTTOM OF THE 7TH |
Philadelphia (WIN) Phillies batting - Pitching for Asheville Tourists : LHP Jared Lummus
|
Pitching: LHP Bill Hussey
|
|
Batting: LHB Danny Hill
|
0-0: Called Strike 0-1: Ball 1-1: Called Strike 1-2: Foul Ball, location: 5FF 1-2: Strikes out swinging
|
Batting: LHB Jose Carlos
|
0-0: Ball 1-0: Ball 2-0: Ball 3-0: Base on Balls
|
Batting: RHB Mike Bell
|
0-0: Ball 1-0: Foul Ball, location: 3DF 1-1: Ball Wild Pitch! Jose Carlos to second 2-1: Ball 3-1: SINGLE (Groundball, 3D, EV 106.3 MPH) Jose Carlos to third
|
Batting: LHB Chris Moody
|
0-0: Swinging Strike 0-1: Fly out, F9 (Flyball, 89D, EV 91.3 MPH)
|
Batting: RHB Victor Arroyo
|
0-0: Ball 1-0: Ball 2-0: Called Strike 2-1: Called Strike 2-2: Strikes out swinging
|
Bottom of the 7th over - 0 runs, 1 hit, 0 errors, 2 left on base; Asheville 1 - Philadelphia (WIN) 5 |
TOP OF THE 8TH |
Asheville Tourists batting - Pitching for Philadelphia (WIN) Phillies : RHP T.J. Gray
|
Batting: LHB Nick Martin
|
0-0: Ball 1-0: Ball 2-0: Ball 3-0: Foul Ball, location: 2F 3-1: Base on Balls
|
Batting: RHB Zakhar Edelman
|
0-0: Ball 1-0: Ball 2-0: Called Strike 2-1: Foul Ball, location: 23F 2-2: Strikes out swinging
|
Batting: RHB Wali Mulogo
|
0-0: Foul Ball, location: 5F 0-1: Swinging Strike 0-2: Ball 1-2: Foul Ball, location: 23F 1-2: Strikes out swinging
|
Batting: LHB Paul McClintock
|
0-0: Ball 1-0: Ball 2-0: Called Strike 2-1: Ball 3-1: Called Strike 3-2: Base on Balls Nick Martin to second
|
Batting: RHB John Stevenson
|
0-0: Called Strike 0-1: Ball 1-1: Foul Ball, location: 5DF 1-2: SINGLE (Line Drive, 34, EV 101.3 MPH) Nick Martin to third Paul McClintock to second Runner from 3rd tries for Home, SAFE, throw by RF to home
|
Pitching: RHP David Oviedo
|
|
Batting: SHB Craig Ruzic
|
0-0: Foul Ball, location: 2F 0-1: Fly out, F7 (Flyball, 7, EV 88.1 MPH)
|
Top of the 8th over - 1 run, 1 hit, 0 errors, 2 left on base; Asheville 2 - Philadelphia (WIN) 5 |
BOTTOM OF THE 8TH |
Philadelphia (WIN) Phillies batting - Pitching for Asheville Tourists : LHP Bill Hussey
|
Batting: RHB Jake Cox
|
0-0: Ball 1-0: Ball 2-0: Bunt missed! 2-1: Ball 3-1: Called Strike 3-2: Foul Ball, location: 9LDF 3-2: SINGLE (Line Drive, 7S, EV 105.6 MPH)
|
Pitching: RHP Jim Micaletti
|
|
Batting: SHB Marco de Leon
|
0-0: Ball 1-0: Called Strike 1-1: Called Strike 1-2: Strikes out swinging
|
Batting: RHB Mark Schultz
|
0-0: Ball 1-0: Fly out, F1 (Popup, P, EV 74.4 MPH)
|
Batting: RHB Chris Myers
|
0-0: Called Strike 0-1: SINGLE (Line Drive, 9LS, EV 92.5 MPH) Jake Cox to second Runner from 2nd tries for 3rd, SAFE, throw by RF made to third
|
Batting: LHB Danny Hill
|
0-0: Ball 1-0: Foul Ball, location: 23FF 1-1: Ground out 4-3 (Groundball, 4, EV 90.0 MPH)
|
Bottom of the 8th over - 0 runs, 2 hits, 0 errors, 2 left on base; Asheville 2 - Philadelphia (WIN) 5 |
TOP OF THE 9TH |
Asheville Tourists batting - Pitching for Philadelphia (WIN) Phillies : RHP David Oviedo
|
Pitching: RHP Jeremy Mitchem
|
|
Batting: LHB Harry Folsom
|
0-0: Foul Ball, location: 2F 0-1: Swinging Strike 0-2: Ball 1-2: Strikes out swinging
|
Batting: SHB Brad Madden
|
0-0: Called Strike 0-1: Foul Ball, location: 23FF 0-2: Ball 1-2: Foul Ball, location: 2F 1-2: Foul Ball, location: 2F 1-2: Ball 2-2: Ball 3-2: Fly out, F9 (Line Drive, 9, EV 94.4 MPH)
|
Batting: RHB Manny Thompson
|
0-0: Ball 1-0: Ball 2-0: Ball 3-0: Called Strike 3-1: Foul Ball, location: 7LSF 3-2: Base on Balls
|
Batting: LHB Nick Martin
|
0-0: Ball 1-0: Ball 2-0: Foul Ball, location: 5FF 2-1: Swinging Strike 2-2: Strikes out swinging
|
Top of the 9th over - 0 runs, 0 hits, 0 errors, 1 left on base; Asheville 2 - Philadelphia (WIN) 5 |
|